AoeStats
← N1CE#ROCK

Pilgrims

508000219Analyzed
4v4 RM · 11d ago on Sep 20, 2026· 103m 53s· 8 players
Game mode
Random Map
Map size
Large (8 player)
Population
200
Speed
Normal
Resources
Standard
Victory
Conquest
Starting age
Dark Age
Ending age
Imperial Age
RankedLock teamsTeams togetherTeam positionsShared explorationLock speedFull tech treeHidden civsTurbo modeCheats
Victory
Defeat
🇩🇪 Lithuanians · Germany
1240
+15
🇩🇪 Vikings · Germany
1237
+15
🇵🇪 Persians · Peru
1229
+16
🇳🇴 Wu · Norway
1201
+17
🇹🇼 Armenians · Taiwan
1265
-17
🇨🇳 Romans · China
1216
-16
🇹🇼 Huns · Taiwan
1212
-15
1210
-15
Ryzeres
12:12 Feudal Age
16:56 Castle Age
14:46 Loom
16:01 Fishing Lines
16:12 Double-Bit Axe
27:14 Redemption
30:48 Scale Barding Armor
31:37 Fletching
32:27 Husbandry
32:38 Bloodlines
35:43 Wheelbarrow
34:53 Town Watch
37:48 Imperial Age
36:29 Hill Forts
37:15 Chain Barding Armor
37:06 Forging
37:15 Bloodlines
38:22 Hand Cart
38:47 Elite Leitis
39:48 Conscription
39:52 Bow Saw
40:28 Plate Barding Armor
41:21 Hoardings
42:08 Masonry
42:19 Ballistics
42:43 Iron Casting
42:15 Horse Collar
43:26 Block Printing
46:15 Bodkin Arrow
49:19 Architecture
49:50 Chemistry
48:46 Murder Holes
48:32 Treadmill Crane
49:40 Herbal Medicine
50:51 Two-Man Saw
58:33 Bodkin Arrow
58:54 Padded Archer Armor
66:50 Light Cavalry
72:29 Winged Hussar
85:52 Heavy Plow
86:19 Elite Skirmisher
87:16 Thumb Ring
88:05 Bracer
89:40 Gold Mining
89:40 Stone Mining
90:29 Crop Rotation
93:31 Guilds
93:21 Caravan
102:46 Tower Shields
N1CE#ROCK
11:11 Loom
13:11 Feudal Age
14:26 Gold Mining
14:40 Double-Bit Axe
18:08 Fletching
20:20 Castle Age
21:11 Medium Warships
21:00 Bodkin Arrow
21:56 Bow Saw
24:49 Scale Mail Armor
25:00 Forging
27:54 Horse Collar
34:25 Chain Mail Armor
35:14 Iron Casting
35:04 Heavy Plow
40:09 Imperial Age
37:47 Padded Archer Armor
49:29 Blast Furnace
48:59 Plate Mail Armor
48:53 Stone Mining
49:38 Gold Shaft Mining
50:18 Two-Man Saw
49:39 Town Watch
49:31 Pikeman
50:11 Squires
52:08 Elite Berserk
52:50 Chieftains
52:57 Capped Ram
62:39 Elite Skirmisher
63:27 Arson
64:33 Caravan
68:43 Chemistry
71:38 Bracer
71:54 Leather Archer Armor
76:09 Crossbowman
77:05 Arbalester
99:26 Man-at-Arms
99:52 Gambesons
100:23 Long Swordsman
101:36 Ring Archer Armor
101:08 Two-Handed Swordsman
102:53 Champion
OnlyNomad
8:40 Loom
10:35 Feudal Age
11:20 Double-Bit Axe
11:03 Man-at-Arms
14:14 Gold Mining
14:36 Fishing Lines
17:14 Castle Age
15:29 Stone Mining
18:15 Bow Saw
18:30 Medium Warships
19:11 Fletching
20:55 Horse Collar
21:55 Heavy Plow
23:21 Wheelbarrow
24:23 Bodkin Arrow
26:29 Squires
25:52 Pikeman
31:57 Hand Cart
31:28 Town Watch
35:06 Imperial Age
33:24 Forging
33:14 Scale Mail Armor
34:57 Iron Casting
34:45 Ballistics
36:44 Clinker Construction
37:43 Gold Shaft Mining
38:54 Two-Man Saw
38:00 Bracer
39:03 Chemistry
38:32 Heavy Warships
40:36 Carvel Hull
41:29 Blast Furnace
40:45 Chain Mail Armor
43:47 Halberdier
44:59 Plate Mail Armor
48:14 Sitting Tiger
53:29 Conscription
55:11 Arson
61:25 Padded Archer Armor
62:17 Elite Skirmisher
68:14 Leather Archer Armor
84:27 Long Swordsman
90:29 Caravan
96:17 Two-Handed Swordsman
97:30 Champion
Strong
5:13 Loom
14:37 Feudal Age
15:52 Fletching
21:21 Fishing Lines
27:45 Gold Mining
28:55 Stone Mining
41:11 Double-Bit Axe
姜午陽
3:32 Loom
14:15 Feudal Age
16:11 Double-Bit Axe
16:38 Scale Barding Armor
16:44 Forging
18:36 Castle Age
17:37 Bloodlines
18:39 Fishing Lines
19:18 Husbandry
19:43 Chain Barding Armor
19:59 Iron Casting
19:36 Bow Saw
27:28 Town Watch
28:21 Wheelbarrow
29:21 Horse Collar
29:35 Gold Mining
31:14 Heavy Plow
31:52 Gold Shaft Mining
31:40 Hand Cart
36:13 Imperial Age
34:03 Hand Cart
35:55 Stone Mining
36:38 Ballistics
36:29 Cavalier
37:47 Plate Barding Armor
38:13 Blast Furnace
38:15 Chemistry
37:27 Masonry
38:19 Two-Man Saw
37:48 Town Patrol
38:06 Paladin
38:39 Fletching
39:12 Conscription
43:48 Bodkin Arrow
43:54 Padded Archer Armor
43:52 Pikeman
44:33 Squires
44:19 Arson
44:35 Scale Mail Armor
44:36 Bracer
44:35 Murder Holes
45:21 Halberdier
47:03 Chain Mail Armor
47:05 Leather Archer Armor
49:22 Elite Tarkan
50:14 Marauders
57:41 Heavy Cavalry Archer
58:47 Parthian Tactics
64:09 Light Cavalry
67:03 Hussar
68:59 Elite Skirmisher
DAO HAO DOG HAVE DEAD FAMILY
10:25 Feudal Age
15:24 Castle Age
17:34 Loom
taileibuxiang108
7:43 Loom
14:39 Feudal Age
15:43 Double-Bit Axe
17:02 Fletching
Ta.ToM
8:36 Loom
11:09 Feudal Age
12:26 Fishing Lines
12:47 Double-Bit Axe
15:04 Castle Age
13:39 Fletching
15:05 Stone Mining
16:16 Medium Warships
16:26 Town Watch
16:27 Horse Collar
18:09 Bow Saw
20:45 Bodkin Arrow
22:20 Gold Mining
23:26 Wheelbarrow
23:37 Clinker Construction
23:38 Careening
26:35 Ballistics
29:49 Heavy Plow
34:05 Imperial Age
32:33 Masonry
34:22 Hand Cart
35:05 Gold Shaft Mining
34:40 Padded Archer Armor
36:10 Chemistry
35:12 Bracer
35:42 Leather Archer Armor
36:50 Conscription
38:04 Heavy Warships
39:46 Elite Composite Bowman
44:31 Cilician Fleet
45:02 Hoardings
46:46 Carvel Hull
46:46 Dry Dock
68:11 Man-at-Arms
70:07 Fereters
71:16 Ring Archer Armor
70:47 Scale Mail Armor
70:59 Forging
71:15 Long Swordsman
71:58 Squires
71:45 Gambesons
72:53 Chain Mail Armor
72:29 Two-Handed Swordsman
73:04 Champion
74:25 Plate Mail Armor
75:32 Iron Casting
77:26 Blast Furnace
83:40 Pikeman
89:38 Halberdier
Connection lost

Rejoining the realm…

Still unreachable

The connection could not be restored.

Session expired

The server has moved on; the page needs a fresh start.